 Dungeon Crawl Stone Soup version 0.22-a0-571-g4a923d4 (webtiles) character file.

1354 iamserjio the Chopper (level 8, -5/51 HPs)
             Began as a Gargoyle Fighter on July 1, 2018.
             Was an Initiate of Makhleb.
             Slain by an orc warrior
             ... wielding a +0 short sword
              (11 damage)
             ... on level 6 of the Dungeon.
             The game lasted 00:09:11 (1361 turns).

iamserjio the Chopper (Gargoyle Fighter)            Turns: 1361, Time: 00:09:12

Health: -5/51      AC: 18    Str: 21    XL:     8   Next: 63%
Magic:  8/8        EV:  8    Int:  9    God:    Makhleb [......]
Gold:   150        SH:  9    Dex: 10    Spells: 7/7 levels left

rFire    + . .     SeeInvis .   a - +1 war axe
rCold    . . .     Gourm    .   c - +0 shield
rNeg     + . .     Faith    .   o - +2 chain mail {rF+}
rPois    ∞         Spirit   .   (no helmet)
rElec    +         Reflect  .   i - +0 cloak
rCorr    .         Harm     .   (no gloves)
MR       .....                  (no boots)
Stlth    ..........             (no amulet)
HPRegen  0.17/turn              l - +3 ring of evasion
MPRegen  0.11/turn              (no ring)

@: very slightly contaminated, heavily drained
A: negative energy resistance 1, electricity resistance, unbreathing,
petrification resistance, rot immunity, AC +5
a: Renounce Religion


You were on level 6 of the Dungeon.
You worshipped Makhleb.
Makhleb was noncommittal.
You were not hungry.

You visited 2 branches of the dungeon, and saw 8 of its levels.

You collected 150 gold pieces.

Inventory:

Hand Weapons
 a - a +1 war axe (weapon)
 q - a +0 flail of holy wrath
Armour
 c - a +0 shield (worn)
 e - +0 acid dragon scales
 i - a +0 cloak (worn)
 o - a +2 chain mail of fire resistance (worn)
Jewellery
 h - an uncursed ring of fire
 l - a +3 ring of evasion (left hand)
Scrolls
 k - 2 scrolls of remove curse {@r2}
 p - 2 scrolls of teleportation
Potions
 d - a potion of mutation
 m - a potion of brilliance
Comestibles
 f - 8 rations
 j - 4 chunks of flesh


   Skills:
 + Level 6.0(4.5) Fighting
 * Level 6.1(4.7) Axes
 + Level 6.0(4.5) Armour
 + Level 6.0(4.5) Shields


You had 7 spell levels left.
You didn't know any spells.
Your spell library contained the following spells:

 Spells                   Type           Power        Failure   Level  Hunger
 Magic Dart               Conj           #...         100%        1    ##.....
 Conjure Flame            Conj/Fire      #.......     100%        3    ####...
 Slow                     Hex            #.......     100%        2    ###....
 Mephitic Cloud           Conj/Pois/Air  #.......     100%        3    ####...
 Blink                    Tloc           N/A          100%        2    ###....
 Iskenderun's Mystic Bla  Conj           #.......     100%        4    #####..
 Call Imp                 Summ           #.......     100%        2    ###....
 Fulminant Prism          Conj/Hex       #.........   100%        4    #####..
 Dazzling Spray           Conj/Hex       #.....       100%        3    ####...
 Force Lance              Conj/Tloc      #.......     100%        4    #####..
 Searing Ray              Conj           #.....       100%        2    ###....


Dungeon Overview and Level Annotations

Branches:
Dungeon (7/15)             Temple (1/1) D:6

Altars:
Dithmenos
Gozag
Makhleb
Nemelex Xobeh
Okawaru
Qazlal
Uskayaw
Vehumet
Wu Jian
Xom
The Shining One


Innate Abilities, Weirdness & Mutations

You are resistant to torment.
Your stone body is resilient. (AC +5)
You are immune to poison.
You resist negative energy. (rN+)
You are resistant to electric shocks. (rElec)
You can survive without breathing.
You are immune to petrification.
You are immune to rotting.


Message History

Your base Fighting skill increases to level 6!
Your base Armour skill increases to level 6!
Your base Shields skill increases to level 6!
You hit the howler monkey.
Your chain mail prevents you from hitting the orc warrior.
You block the howler monkey's attack.
The orc warrior hits you but does no damage.
You closely miss the orc warrior.
The orc warrior is lightly wounded.
You barely miss the howler monkey.
The howler monkey hits you but does no damage.
The orc warrior completely misses you. The howler monkey closely misses you.
You slash the orc warrior!
The orc warrior is moderately wounded.
You barely miss the howler monkey.
The orc warrior hits you with a short sword!
* * * LOW HITPOINT WARNING * * *
You block the howler monkey's attack.
The orc warrior hits you with a short sword!
You die...

#...>#.....# #.##.....#
#........# . #........#
.. #........# .#.#
#....>...######
.....####.....##...#
#....))...........##
..#.#o@.....)....######
#....)h(####.....÷≈≈≈≈.
...#.....# #"....######
.........# #......##
.........# #.....##
.........# #.....#
#!######## #.....# #.
#..=..# #######


You could see an orc warrior and a howler monkey.

Vanquished Creatures
  The ghost of junkhipster the Basher, a novice FoFi of Okawaru (D:6)
  A water moccasin (D:5)
  An orc warrior (D:6)
  An ogre (D:6)
  A centaur (D:6)
  2 bullfrogs (D:6)
  A crimson imp (D:5)
  A jelly (D:6)
  A bullfrog skeleton (D:7)
  An orc wizard (D:6)
  3 worker ants
  Terence (D:3)
  A howler monkey zombie (D:5)
  5 adders
  A shadow imp (D:5)
  An ooze (D:4)
  2 worms (D:4)
  A leopard gecko (D:2)
  11 orcs
  A giant cockroach (D:3)
  3 goblins
  4 hobgoblins
  A quokka (D:5)
  6 bats
  2 frilled lizards
  7 kobolds
  A quokka skeleton (D:6)
  2 rats
64 creatures vanquished.

Notes
Turn   | Place    | Note
-------+----------+-------------------------------------------
     0 | D:1      | iamserjio the Gargoyle Fighter began the quest for the Orb.
     0 | D:1      | Reached XP level 1. HP: 14/14 MP: 1/1
   152 | D:2      | Reached XP level 2. HP: 19/19 MP: 2/2
   373 | D:3      | Noticed Terence
   398 | D:3      | Killed Terence
   398 | D:3      | Reached XP level 3. HP: 24/24 MP: 3/3
   531 | D:4      | Reached XP level 4. HP: 11/29 MP: 4/4
   570 | D:4      | Found a shadowy altar of Dithmenos.
   662 | D:5      | Entered Level 5 of the Dungeon
   663 | D:5      | Noticed a water moccasin
   675 | D:5      | Reached XP level 5. HP: 16/33 MP: 5/5
   680 | D:5      | Killed a water moccasin
   680 | D:5      | Reached XP level 6. HP: 19/39 MP: 6/6
   711 | D:6      | Found an iron altar of Okawaru.
   711 | D:6      | Noticed an orc warrior
   718 | D:6      | Killed an orc warrior
   748 | D:6      | Reached XP level 7. HP: 18/44 MP: 7/7
  1034 | D:6      | Found a staircase to the Ecumenical Temple.
  1043 | Temple   | Entered the Ecumenical Temple
  1112 | Temple   | Became a worshipper of Makhleb the Destroyer
  1263 | D:6      | Reached skill level 5 in Fighting
  1263 | D:6      | Reached skill level 5 in Armour
  1263 | D:6      | Reached skill level 5 in Shields
  1269 | D:6      | Found a runed door.
  1287 | D:6      | Noticed junkhipster's ghost (novice FoFi)
  1294 | D:6      | Reached skill level 5 in Axes
  1307 | D:6      | Killed junkhipster's ghost
  1307 | D:6      | Reached XP level 8. HP: 22/51 MP: 8/8
  1361 | D:6      | Slain by an orc warrior

Vault maps used:
D:1:      dpeg_arrival_rooms_b
D:2:      grunt_temple_overflow_diamond, serial_park_tiny_2
D:3:      first_ration, minmay_misc_feat_room, uniq_ijyb, uniq_terence
D:4:      lemuel_crystal_altar, nicolae_overflow_crystal_walls, kennysheep_mini,
          uniq_sigmund
D:5:      cheibrodos_thug_alley, ashenzari_conservatory_becter,
          uniq_crazy_yiuf_cottage
D:6:      overflow_temple_1_default, minmay_temple_entry_statues_fountains,
          ebering_ghost_sewer_d, hangedman_decor_points, uniq_blork_the_orc
D:7:      cheibrodos_worm_habitat
Temple:   compressed_dpeg_triangle_lava_temple

Skill      XL: |  1  2  3  4  5  6  7  8 |
---------------+-------------------------+-----
Axes           | 2 3 4 6 |  6.1
Armour         | 4 5 6 |  6.0
Shields        | 4 5 6 |  6.0
Fighting       | 4 5 6 |  6.0

Action                   |  1- 3 |  4- 6 |  7- 9 || total
-------------------------+-------+-------+-------++-------
Melee: War axe           |    95 |    39 |    82 ||   216
  Use: Scroll            |     5 |       |     5 ||    10
       Potion            |       |     1 |     3 ||     4
 Stab: Invisible         |       |       |     1 ||     1
  Eat: Chunk             |       |       |     2 ||     2
Armor: Acid dragon scale |    28 |       |       ||    28
       Chain mail        |    34 |    38 |    42 ||   114
Dodge: Dodged            |    40 |    19 |    30 ||    89
Block: Shield            |    60 |    34 |    46 ||   140

Table legend:
 A = Spawn XP
 B = Non-spawn XP
 C = Spawn XP percentage of total XP
 D = Spawn monster count
 E = Non-spawn monster count
 F = Spawn count percentage of total count
 G = Total turns spent on level
                    A         B        C        D         E        F      G
               +---------+---------+-------+---------+---------+-------+---------
         Total |       0 |    1935 |   0.0 |       0 |      64 |   0.0 |  1361
               +---------+---------+-------+---------+---------+-------+---------
           D:1 |       0 |       6 |   0.0 |       0 |       4 |   0.0 |   132
           D:2 |       0 |      18 |   0.0 |       0 |      10 |   0.0 |   228
           D:3 |       0 |      47 |   0.0 |       0 |       9 |   0.0 |   119
           D:4 |       0 |      78 |   0.0 |       0 |       6 |   0.0 |   183
           D:5 |       0 |     330 |   0.0 |       0 |      15 |   0.0 |   278
           D:6 |       0 |    1415 |   0.0 |       0 |      19 |   0.0 |   221
           D:7 |       0 |      41 |   0.0 |       0 |       1 |   0.0 |   112
               +---------+---------+-------+---------+---------+-------+---------
